[Event "26th Womens ECCC 2022"]
[Site "Mayrhofen"]
[Date "2022.10.05"]
[Round "3.5"]
[White "Bulmaga, Irina"]
[Black "Mammadzada, Gunay"]
[Result "1/2-1/2"]
[ECO "B90"]
[WhiteElo "2417"]
[BlackElo "2483"]
[Annotator "TA"]
[PlyCount "85"]
[EventDate "2022.10.03"]
[EventType "team-tourn"]
[EventCountry "AUT"]
[SourceTitle "playchess.com"]
[Source "ChessBase"]
[SourceQuality "1"]
[TimeControl "40/5400+30:1800+30"]

1. e4 c5 2. Nf3 d6 3. d4 cxd4 4. Nxd4 Nf6 5. Nc3 a6 6. Be3 e5 7. Nb3 Be7 8. f3 Be6 9. Qd2 h5 10. Be2 O-O {[%emt 0:07:37] B90: Sicilian Najdorf: Unusual White 6th moves, 6 Be3 Ng4 and 6 Be3 e5.} 11. Nd5 Nxd5 12. exd5 Bf5 {[%emt 0:00:13] White has an edge.} 13. O-O a5 14. f4 {[%emt 0:09:34] [#]} Bg4 $146 ({Predecessor:} 14... a4 15. fxe5 axb3 16. Rxf5 Rxa2 17. Raf1 g6 18. R5f2 Rxb2 19. e6 f5 20. Bd4 Bf6 21. Bxb2 Bxb2 22. cxb3 {1-0 (28) Sarana,A (2643)-Solon,N (2306) Chess.com INT 2021}) 15. Bxg4 hxg4 16. fxe5 dxe5 17. Rad1 {[%emt 0:15:59] Threatens to win with d6.} Bd6 18. Nc5 Qe7 19. Ne4 (19. Qf2 $1 $14) 19... f5 $11 20. Bg5 Qd7 21. Nxd6 Qxd6 22. Qd3 $36 {[%emt 0:01:35][%mdl 2048] Black is under pressure.} g6 23. h3 gxh3 24. g4 f4 (24... fxg4 $2 25. Rxf8+ Kxf8 26. Rf1+ Kg7 27. Rf6 Qxf6 28. Bxf6+ Kxf6 29. Qe4 $18) 25. Rd2 {[%emt 0:08:36] Active counter play!} Kg7 (25... Rf7 $11 {remains equal.}) 26. Qxh3 $16 {[%emt 0:08:56] [#] White threatens Rh2 and mate. Really sharp!} Rh8 27. Qc3 Nd7 {[%emt 0:06:44] aiming for ...Rac8.} 28. Rxf4 $1 Rhc8 29. Rc4 ({Don't go for} 29. Qh3 $2 exf4 30. Qh6+ Kg8 31. Bxf4 Qf6 $19) 29... Rxc4 30. Qxc4 Qb4 {[%emt 0:00:06] [#]} 31. Qxb4 axb4 {[%emt 0:00:02][%mdl 4096] Endgame KRB-KRN} 32. Be7 Rxa2 33. b3 ({Of course not} 33. Bxb4 $6 Rxb2 34. Ba3 Ra2 $11) 33... Ra1+ 34. Kg2 (34. Kf2 $16) 34... Re1 $1 $14 35. Kf3 Rf1+ 36. Kg3 Rf4 37. Bg5 Re4 38. Kf3 Re1 39. Be7 Rf1+ 40. Kg3 Rf4 41. Bg5 Re4 42. Kf3 Re1 43. Be7 {[%emt 0:02:18] Weighted Error Value: White=0.08 (flawless) /Black=0.07 (flawless)} 1/2-1/2

[Event "26th Womens ECCC 2022"]
[Site "Mayrhofen"]
[Date "2022.10.05"]
[Round "3.6"]
[White "Fataliyeva, Ulviyya"]
[Black "Saduakassova, Dinara"]
[Result "1/2-1/2"]
[ECO "D37"]
[WhiteElo "2422"]
[BlackElo "2434"]
[Annotator "TA"]
[PlyCount "79"]
[EventDate "2022.10.03"]
[EventType "team-tourn"]
[EventCountry "AUT"]
[SourceTitle "playchess.com"]
[Source "ChessBase"]
[SourceQuality "1"]
[TimeControl "40/5400+30:1800+30"]

1. d4 Nf6 2. c4 e6 3. Nf3 d5 4. Nc3 a6 5. cxd5 exd5 6. Bg5 {[%emt 0:00:05] D37: Queen's Gambit Declined: 5 Bf4.} Be6 7. Bxf6 Qxf6 8. Qb3 Ra7 9. g3 (9. Nxd5 Qd8 10. e4 c6) 9... Qd8 {[%emt 0:12:27] 9...Bd6 might become the main line.} 10. h4 Be7 {[%emt 0:03:59] Prevents Ng5.} (10... c6 $11) 11. Bh3 (11. Ng5 $1 $14) 11... Bxh3 $11 12. Rxh3 c6 13. e4 {[%emt 0:10:53] [#]} b5 $146 ({Predecessor:} 13... dxe4 14. Ne5 O-O 15. O-O-O Nd7 16. Nxe4 Qc8 17. Rhh1 Ra8 18. f4 Nf6 19. Nc3 b5 {0-1 (45) Niemann,H (2465)-Lenderman,A (2634) Chesterfield 2020}) 14. exd5 b4 15. Ne2 cxd5 16. Nf4 O-O 17. Kf1 Bd6 (17... Nd7 $14) 18. Nxd5 $16 Rd7 {[%emt 0:03:08][%cal Od6g3] [#]} 19. Ne3 $1 {[%emt 0:02:05] White is more active. Pair of Knights!} ({Don't go for} 19. Nxb4 $2 Rb7 20. a3 a5 $19) 19... Nc6 20. Ng5 g6 21. Qd5 ({White should play} 21. Rd1 $16) 21... Ne7 $11 22. Qf3 h6 $1 23. Ne4 {[%emt 0:15:46] [#] Hoping for Nf6+.} (23. Re1 {seems wilder.} Kg7 24. Ne4 f5 25. Nxd6 Rxd6 26. Qb7) 23... f5 24. Nc5 Bxc5 25. dxc5 Qc7 26. Rc1 Qe5 (26... Rd2 $11) 27. c6 (27. Qf4 $5 Qxb2 28. Rc2 $16) 27... Rc7 28. Qf4 Qxf4 29. gxf4 Rxc6 30. Rxc6 Nxc6 {[%emt 0:00:04][%mdl 4096] Endgame KRN-KRN} 31. Rg3 Kg7 32. Nc4 h5 33. Re3 Kf6 34. Ne5 Rc8 35. Ke1 (35. Nd7+ $11 Kf7 36. Rd3) 35... Nd4 (35... Nxe5 $15 36. fxe5+ Kf7) 36. Nd7+ {[%emt 0:00:41] The position is equal.} Kf7 {[%emt 0:00:09] aiming for ...Nc2+.} 37. Ne5+ Kf6 {[%emt 0:00:03] Strongly threatening ...Nc2+.} 38. Nd7+ Kf7 {[%emt 0:00:03] And now ...Nc2+ would win.} 39. Ne5+ Kf6 {[%emt 0:00:48] White must now prevent ...Nc2+.} 40. Nd7+ {[%emt 0:00:32] Weighted Error Value: White=0.20 (precise) /Black=0.16 (very precise)} 1/2-1/2

[Event "26th Womens ECCC 2022"]
[Site "Mayrhofen"]
[Date "2022.10.05"]
[Round "3.7"]
[White "Atalik, Ekaterina"]
[Black "Mammadova, Gulnar"]
[Result "1/2-1/2"]
[ECO "A25"]
[WhiteElo "2406"]
[BlackElo "2389"]
[Annotator "TA"]
[PlyCount "79"]
[EventDate "2022.10.03"]
[EventType "team-tourn"]
[EventCountry "AUT"]
[SourceTitle "playchess.com"]
[Source "ChessBase"]
[SourceQuality "1"]
[TimeControl "40/5400+30:1800+30"]

1. c4 e5 2. d3 Nc6 3. Nc3 g6 4. g3 Bg7 5. Bg2 Nge7 6. Nf3 d6 7. O-O O-O 8. Rb1 f5 9. Bd2 h6 {[%emt 0:04:03] A26: English Opening vs King's Indian with ...Nc6 and d3.} 10. b4 g5 11. b5 Nb8 12. Ne1 Nd7 13. Nc2 Nc5 14. Nb4 f4 {[%emt 0:07:41] [#]} 15. Ne4 $146 ({Predecessor:} 15. a4 h5 16. Nbd5 Nf5 17. Ne4 Nxe4 18. Bxe4 Nh6 19. Bg2 h4 20. Ba5 Rf7 21. e3 hxg3 22. fxg3 {0-1 (35) Romon Poves,R (2237)-Villalba Embid,M (2054) Aragon 2020}) 15... Nxe4 16. Bxe4 Rb8 17. Qa4 (17. Re1 {looks sharper.} Qe8 18. e3 fxg3 19. fxg3 Bh3 20. Nd5) 17... Bf5 18. f3 (18. Bf3 {is more complex.} Qd7 19. Qxa7 Bg4 20. Nc6) 18... Bxe4 19. dxe4 Ra8 20. g4 Qd7 21. Qb3 Kh7 22. Nd3 b6 23. Nb4 h5 24. h3 Rh8 25. Kg2 Kg6 26. Nd5 Ng8 27. Rh1 Nf6 28. Nxf6 {[%emt 0:02:32] Chess con chili.} Bxf6 29. Qd3 Qc8 30. a4 a5 31. Qd5 Rh7 32. Bc3 Qg8 33. Rbg1 Qxd5 34. cxd5 Rah8 35. gxh5+ Rxh5 {[%emt 0:00:19] The position is equal.} 36. Be1 Kf7 37. Bf2 Bd8 38. Rh2 R5h7 39. Rgh1 Rh5 40. Be1 {[%emt 0:05:24] Weighted Error Value: White=0.08 (flawless) /Black=0.08 (flawless)} 1/2-1/2

[Event "26th Womens ECCC 2022"]
[Site "Mayrhofen"]
[Date "2022.10.05"]
[Round "3.8"]
[White "Balajayeva, Khanim"]
[Black "Efroimski, Marsel"]
[Result "0-1"]
[ECO "B60"]
[WhiteElo "2384"]
[BlackElo "2462"]
[Annotator "TA"]
[PlyCount "58"]
[EventDate "2022.10.03"]
[EventType "team-tourn"]
[EventCountry "AUT"]
[SourceTitle "playchess.com"]
[Source "ChessBase"]
[SourceQuality "1"]
[TimeControl "40/5400+30:1800+30"]

1. e4 c5 2. Nf3 d6 3. d4 cxd4 4. Nxd4 Nf6 5. Nc3 Nc6 6. Bg5 g6 7. Bxf6 exf6 8. Be2 {[%emt 0:06:51] B60: Sicilian: Richter-Rauzer: Unusual Black 6th moves and 6...Bd7 without 7 Qd2.} Bg7 9. Ndb5 O-O 10. O-O {[%emt 0:12:54] The position is equal.} f5 11. Nxd6 fxe4 12. Ncxe4 Bxb2 {[%emt 0:03:49] A strong pair of Bishops.} 13. Rb1 Be5 {[%emt 0:01:14] [#]} 14. Nxc8 $146 ({Predecessor:} 14. Bc4 Nd4 15. f4 Bxd6 16. Qxd4 Be7 17. Qxd8 Rxd8 18. Ng5 Rf8 19. Rfe1 Bd6 20. f5 gxf5 {½-½ (47) Abdulov,O (2387)-Perunovic,M (2481) Plovdiv 2012}) 14... Qxc8 15. f4 Bg7 16. f5 Nd4 (16... gxf5 17. Ng3 $14 (17. Nd6 Qc7 $14)) 17. f6 (17. fxg6 $11 hxg6 18. Bd3) 17... Nxe2+ $17 18. Qxe2 Bh6 19. Qf2 Qc4 20. Rfe1 {[%emt 0:01:38] [#] Loses the game.} (20. Nd6 $15 Qd5 21. Rbd1 (21. Nxb7 Qxa2 22. Kh1 Rfc8 $15) 21... Qxa2 22. Qh4 Be3+ 23. Kh1) 20... Rfe8 $1 $19 21. Qf3 b6 ({Weaker is} 21... Qxc2 22. Rxb7 Rad8 23. Qb3 Qxb3 24. axb3 $11) 22. Kh1 {[%emt 0:03:03] aiming for Nd6.} Bf8 {[%emt 0:02:59] Against Nd6} ({Stronger than} 22... Qxa2 23. Nd6 Rxe1+ 24. Rxe1) 23. c3 (23. Nc3 $17) 23... Qxa2 24. h4 Re5 {[%emt 0:07:52] White must now prevent ...Rae8.} 25. Ng5 (25. Red1 $142) 25... Rae8 26. Red1 h6 27. Nh3 Qe2 (27... Re3 $142 28. Qf1 Qe6) 28. Qb7 (28. Qxe2 Rxe2 29. Rd7) 28... Qg4 29. Qxa7 {[%emt 0:01:24] [#]} (29. Qf3 $19 Qxh4 30. Qf4) 29... Re2 {[%emt 0:01:00] Weighted Error Value: White=0.68/Black=0.11 (very precise)} 0-1

[Event "26th Womens ECCC 2022"]
[Site "Mayrhofen"]
[Date "2022.10.05"]
[Round "3.9"]
[White "Kashlinskaya, Alina"]
[Black "Muzychuk, Mariya"]
[Result "1-0"]
[ECO "D12"]
[WhiteElo "2482"]
[BlackElo "2527"]
[Annotator "TA"]
[PlyCount "99"]
[EventDate "2022.10.03"]
[EventType "team-tourn"]
[EventCountry "AUT"]
[SourceTitle "playchess.com"]
[Source "ChessBase"]
[SourceQuality "1"]
[TimeControl "40/5400+30:1800+30"]

1. d4 d5 2. c4 c6 3. Nf3 Nf6 4. e3 Bf5 5. Nc3 e6 6. Nh4 Bg6 7. Qb3 {[%emt 0:02:39] D12: Slav Defence: 3 Nf3 Nf6 4 e3 Bf5.} Qc7 {[%emt 0:05:49] 7...Qc7 is better than 7...Qb6.} 8. Bd2 Ne4 {[%emt 0:05:06] has lost popularity (8...Nbd7).} 9. Nxe4 {[%emt 0:08:09] The position is equal.} Bxe4 10. f3 (10. cxd5 {seems wilder.} Be7 11. d6 Bxd6 12. Bd3) 10... dxc4 $1 11. Bxc4 Bd5 12. e4 Bxc4 13. Qxc4 Be7 14. g3 {[%emt 0:00:10] [#]} Bxh4 $146 ({Predecessor:} 14... Nd7 15. Ng2 Rd8 16. Be3 Qa5+ 17. Bd2 Qc7 18. Be3 Qa5+ 19. Bd2 Qc7 20. Be3 {½-½ (20) Almeida Quintana,O (2452)-Dominguez Perez,L (2658) Santa Clara 2005}) 15. gxh4 Nd7 16. O-O-O O-O-O 17. Kb1 Kb8 18. Be1 {[%emt 0:01:13] And now Bg3 would win.} Nb6 (18... Ka8 $11 {remains equal.}) 19. Qc5 $16 {[%emt 0:03:26] Black must now prevent Bg3.} Ka8 20. Bg3 Qd7 21. Rd3 $1 Nc8 22. Qe5 {[%emt 0:06:22][%csl Gg3][%cal Re5b8] White has more active pieces.} Nd6 23. Qxg7 f5 24. Qe5 fxe4 25. fxe4 Rhf8 26. Rc1 Qf7 27. h5 Qg8 $2 {[%emt 0:03:12] [#] A mistake that costs the game.} (27... Rd7 $16 {might work better.} 28. a4 Qe8) 28. Bh4 $1 $18 Rd7 29. Rg3 {[%emt 0:00:24] Inhibits Qg4.} Qf7 30. h6 {[%emt 0:00:37] Rg7 is the strong threat.} Rg8 {[%emt 0:04:28] Prevents Rg7.} 31. Rg7 Rxg7 32. hxg7 ({Weaker is} 32. Qxg7 Qxg7 33. hxg7 Rxg7 $11) 32... Qxg7 (32... Ne8 {was called for.} 33. Bg3 Nc7) 33. Qxe6 a6 34. Bg3 Qf7 35. d5 cxd5 36. exd5 Qf5+ 37. Ka1 Qg5 38. Re1 Qd8 39. a3 {[%emt 0:04:39] Threatens to win with Rc1.} Nc4 $2 (39... Nb5 40. d6 Nd4) 40. d6 Na5 41. Rf1 Qc8 (41... Nc6 $142 42. Rf7 Rxf7 43. Qxf7 Nb8 44. Qxh7 Qf8) 42. Qd5 $2 (42. Rf7 Nb3+ 43. Qxb3) 42... Nc6 43. Rf6 Qe8 44. Qf3 {[%emt 0:02:07] Strongly threatening Rf8.} Rd8 $2 (44... Qc8 {was necessary.} 45. Bf2 Nb8) 45. Rf7 Na5 (45... Qg8 $142 46. Rc7 Qc4) 46. Qd5 Qe3 47. Qxa5 {[%emt 0:02:05] White mates.} Qc1+ 48. Ka2 Qc4+ {[%emt 0:02:53] [#]} 49. Kb1 $1 Rc8 50. Rc7 {[%emt 0:02:16] Weighted Error Value: White=0.38/Black=0.49} ({Inferior is} 50. d7 Qe4+ 51. Ka2 Qe6+ 52. Kb1 Qe4+ 53. Ka2 Qe6+ 54. Kb1 Qe4+ $11) 1-0

[Event "26th Womens ECCC 2022"]
[Site "Mayrhofen"]
[Date "2022.10.05"]
[Round "3.10"]
[White "Unuk, Laura"]
[Black "Kiolbasa, Oliwia"]
[Result "1/2-1/2"]
[ECO "D37"]
[WhiteElo "2297"]
[BlackElo "2404"]
[Annotator "TA"]
[PlyCount "60"]
[EventDate "2022.10.03"]
[EventType "team-tourn"]
[EventCountry "AUT"]
[SourceTitle "playchess.com"]
[Source "ChessBase"]
[SourceQuality "1"]
[TimeControl "40/5400+30:1800+30"]

1. d4 Nf6 2. c4 e6 3. Nf3 d5 4. Nc3 dxc4 5. e4 Bb4 6. Bxc4 {[%emt 0:00:26] D24: Queen's Gambit Accepted: 3 Nf3 Nf6 4 Nc3.} Nxe4 7. O-O Nf6 8. Qa4+ Nc6 9. Ne5 Rb8 ({But not} 9... Bd7 10. Nxc6 Bxc3 11. Nxd8 $16) 10. d5 Nxd5 {[%emt 0:34:15] White must now prevent ...0-0.} 11. Nxc6 (11. Nxd5 {feels hotter.} exd5 12. Nxc6 bxc6 13. Qxc6+ Bd7 14. Qxd5 O-O 15. Bg5) 11... bxc6 12. Nxd5 exd5 13. Qxc6+ Qd7 (13... Bd7 {looks sharper.} 14. Qxd5 O-O 15. b3 Bb5) 14. Qxd5 {[%emt 0:02:50] Strongly threatening Qe5+.} Qxd5 15. Bxd5 Bb7 16. Bxb7 Rxb7 17. Be3 {[%emt 0:00:46] [#]} Bd6 $146 ({Predecessor:} 17... Kd7 18. Rac1 {½-½ (18) Drygalov,S (2500)-Afanasiev,N (2548) Cheliabinsk 2021}) 18. b3 Kd7 19. Rfd1 Re8 20. Rd5 Re5 21. Rxe5 Bxe5 $11 {[%emt 0:01:30][%mdl 4096] Endgame KRB-KRB} 22. Rd1+ Ke6 23. Re1 {[%emt 0:07:00] White wants to play Bd4.} Kd5 {[%emt 0:02:43] Against Bd4} 24. Rd1+ Ke6 25. Rc1 Bd6 {[%emt 0:03:03] The position is equal.} 26. Rc4 a5 27. Re4+ Kd7 28. Kf1 Rb4 29. Rd4 Ke6 30. Ke2 Be5 {[%emt 0:05:09] Weighted Error Value: White=0.03 (flawless) /Black=0.04 (flawless)} (30... Bxh2 $2 31. g3 $18) 1/2-1/2

[Event "26th Womens ECCC 2022"]
[Site "Mayrhofen"]
[Date "2022.10.05"]
[Round "3.11"]
[White "Antolak, Julia"]
[Black "Urh, Zala"]
[Result "1/2-1/2"]
[ECO "C89"]
[WhiteElo "2315"]
[BlackElo "2221"]
[Annotator "TA"]
[PlyCount "60"]
[EventDate "2022.10.03"]
[EventType "team-tourn"]
[EventCountry "AUT"]
[SourceTitle "playchess.com"]
[Source "ChessBase"]
[SourceQuality "1"]
[TimeControl "40/5400+30:1800+30"]

1. e4 e5 2. Nf3 Nc6 3. Bb5 a6 4. Ba4 Nf6 5. O-O Be7 6. Re1 b5 7. Bb3 O-O 8. c3 d5 9. d4 exd4 {[%emt 0:00:49] The position is equal.} 10. e5 {[%emt 0:02:47] C89: Closed Ruy Lopez: Marshall Attack.} Ne4 11. cxd4 Bf5 {[%emt 0:01:40] The main line 11...Bf5 scores better than 11...Bg4.} 12. Nc3 Nxc3 13. bxc3 Na5 {[%emt 0:01:44] 13...Qd7 is vanishing.} 14. Bc2 Bxc2 15. Qxc2 Nc4 16. Bf4 {[%emt 0:09:35] [#]} Rc8 $146 ({Predecessor:} 16... a5 17. Nd2 Qd7 18. Rad1 Na3 19. Qd3 Qg4 20. g3 Qg6 21. Qf3 b4 22. Rc1 Nb5 23. Qxd5 Nxc3 {1-0 (47) Mastrovasilis,D (2613)-Gharibyan,M (2487) Sharjah 2022}) 17. Nd2 Nxd2 (17... c5 {is interesting.} 18. dxc5 Bxc5 19. Rad1 Be7) 18. Qxd2 c5 19. dxc5 Bxc5 20. Rad1 Qb6 21. Be3 Rfd8 22. h3 h6 23. Bxc5 Rxc5 24. Re3 Qc6 25. Rd3 Rc8 26. Qf4 Qe6 27. Qe3 Qc6 28. Qf4 Qe6 29. Qe3 Qc6 30. Qf4 Rb8 {An interesting draw.  Weighted Error Value: White=0.03 (flawless) /Black=0.05 (flawless)} 1/2-1/2

[Event "26th Womens ECCC 2022"]
[Site "Mayrhofen"]
[Date "2022.10.05"]
[Round "3.12"]
[White "Kejzar, Petra"]
[Black "Majdan, Joanna"]
[Result "0-1"]
[ECO "A22"]
[WhiteElo "2120"]
[BlackElo "2301"]
[Annotator "TA"]
[PlyCount "58"]
[EventDate "2022.10.03"]
[EventType "team-tourn"]
[EventCountry "AUT"]
[SourceTitle "playchess.com"]
[Source "ChessBase"]
[SourceQuality "1"]
[TimeControl "40/5400+30:1800+30"]

1. c4 e5 2. Nc3 Nf6 3. g3 Bb4 4. Bg2 O-O 5. d3 Bxc3+ 6. bxc3 Re8 7. e4 d6 {[%emt 0:01:25] A21: English Opening: 1...e5 2 Nc3.} 8. Ne2 Nbd7 {[%emt 0:04:28] [#]} 9. h3 $146 ({Predecessor:} 9. O-O Nc5 10. h3 h6 11. Be3 b6 12. Bxc5 dxc5 13. f4 Qe7 14. Rb1 Bb7 15. a4 {1-0 (53) Holub,A (1754)-Cimbora,M Chess.com INT 2021}) 9... Nc5 {[%emt 0:05:04] The position is equal.} 10. g4 Bd7 11. Ng3 Ba4 12. Qf3 (12. Qe2 $11) 12... Bc2 $15 13. Bf1 c6 14. Ba3 Qa5 {[%emt 0:02:34] Black is more active.} ({Black should play} 14... Ne6 $17) 15. Bb4 $11 Qa6 {[%emt 0:06:36] [#] ...Nb3 is the strong threat.} 16. Rc1 Ba4 (16... Qxa2 17. Bxc5 dxc5 18. Qe2 $16) 17. Nf5 Red8 (17... Ne6 $14) 18. Nh6+ gxh6 $16 19. Qxf6 ({White should try} 19. Bxc5 $16 Nd5 20. Be3 (20. exd5 dxc5 21. Qf6 Qb6 $11) 20... Nxe3 21. Qxe3) 19... Ne6 $11 {[%emt 0:00:34][%cal Bc5e6,Be6f4,Bf4d3][%mdl 32] With the idea ...c5.} 20. g5 $2 {[%emt 0:04:16] [#]} (20. Rh2 $11 {and White has nothing to worry.}) 20... h5 $1 $19 {[%emt 0:00:35] Threatens to win with ...c5.} ({Worse is} 20... hxg5 21. d4 c5 22. d5 $11) 21. Ra1 ({Don't play} 21. Be2 c5 22. Bxh5 Be8) 21... c5 22. Ba3 Qa5 23. Bb2 b5 24. Be2 Nf4 25. cxb5 Bxb5 {[%emt 0:00:54] Black is clearly winning.} 26. g6 (26. Kf1 $142) 26... hxg6 27. Rg1 Bxd3 28. Bxd3 Nxd3+ 29. Kf1 Nf4 {[%emt 0:00:28] Weighted Error Value: White=0.98/Black=0.44} ({Inferior is} 29... Nxb2 30. Rxg6+ fxg6 31. Qxg6+ Kf8 32. Qf6+ Kg8 33. Qg6+ Kf8 34. Qf6+ Kg8 35. Qg6+ $11) 0-1

[Event "26th Womens ECCC 2022"]
[Site "Mayrhofen"]
[Date "2022.10.05"]
[Round "3.13"]
[White "Krasteva, Beloslava"]
[Black "Salimova, Nurgyul"]
[Result "1-0"]
[ECO "E48"]
[WhiteElo "2287"]
[BlackElo "2415"]
[Annotator "TA"]
[PlyCount "87"]
[EventDate "2022.10.03"]
[EventType "team-tourn"]
[EventCountry "AUT"]
[SourceTitle "playchess.com"]
[Source "ChessBase"]
[SourceQuality "1"]
[TimeControl "40/5400+30:1800+30"]

1. d4 Nf6 2. c4 e6 3. Nc3 Bb4 4. e3 O-O 5. Bd3 d5 6. cxd5 exd5 7. Nge2 Re8 8. O-O Bd6 9. Bd2 {[%emt 0:00:40] E48: Nimzo-Indian: Rubinstein: 5 Bd3 d5 including 6 Ne2, but excluding 6 a3.} a6 10. Qc2 b5 {[%emt 0:14:38] [#]} 11. Nf4 $146 {[%emt 0:05:20] The position is equal.} ({Predecessor:} 11. f3 Bb7 12. e4 dxe4 13. fxe4 b4 14. e5 bxc3 15. Nxc3 Nbd7 16. Bg5 Be7 17. exf6 Nxf6 {½-½ (53) Aleksandrov,A (2565)-Fawzy,A (2418) Khanty-Mansiysk 2017}) 11... Bb7 12. a3 Nbd7 13. Nce2 c5 14. dxc5 Nxc5 15. Bb4 Rc8 16. Bf5 Ne6 17. Qd2 Rc4 18. Bxd6 Qxd6 19. Rfd1 Nxf4 20. Nxf4 d4 21. Bd3 Rc5 (21... Rc7 $11 {keeps the balance.}) 22. Bf1 (22. a4 {is interesting.} Rg5 23. Bf1 Ng4 24. axb5 axb5 25. Qxd4 Rd5 26. Qxd5 Bxd5 27. Rxd5 Qf6 28. Rxb5 Qh4 29. Nh3) 22... g5 23. Qxd4 Qxd4 24. exd4 Rc2 25. Nd3 Be4 26. Nb4 Rxb2 27. Nxa6 Nd5 {[%emt 0:08:54] Prevents Nb4.} 28. Re1 {[%emt 0:04:51] Hoping for f3.} f6 $2 {[%emt 0:04:45] [#] Black cannot hold the game after this.} ({Better is} 28... Kf8 $1 $14) 29. a4 $1 $18 bxa4 (29... Bg6 $142) 30. Bc4 Rc8 {[%emt 0:01:07] [#]} 31. Nc5 $1 ({Not} 31. Rxa4 Kh8 $16) 31... Rc2 32. Ba2 ({Stronger than} 32. Rxe4 Rxc4 33. f3 Ra8 $17) 32... f5 (32... Rxa2 $142 33. Rxa2 Bf5 34. Rxa4 Kg7) 33. Nxe4 {[%emt 0:01:03] White is clearly winning.} Rxa2 34. Rxa2 fxe4 35. Rxa4 {[%emt 0:00:47][%mdl 4096] Endgame KRR-KRN} Nf4 36. g3 Nh3+ 37. Kg2 g4 38. Rxe4 h5 39. Re7 {[%emt 0:00:29] Threatens to win with d5.} Rf8 40. Ra2 {[%emt 0:00:29] d5 is the strong threat.} Rc8 41. d5 {[%emt 0:31:32][%cal Bd4d5,Bd5d6,Bd6d7][%mdl 32] White wants to mate with d6.} Kf8 42. Rb7 Rd8 43. d6 {[%emt 0:01:05] Threatening mate with f4.} Ng5 44. d7 {[%emt 0:01:47] Weighted Error Value: White=0.04 (flawless) /Black=0.37} 1-0

[Event "26th Womens ECCC 2022"]
[Site "Mayrhofen"]
[Date "2022.10.05"]
[Round "3.14"]
[White "Roebers, Eline"]
[Black "Radeva, Viktoria"]
[Result "1-0"]
[ECO "C02"]
[WhiteElo "2352"]
[BlackElo "2263"]
[Annotator "TA"]
[PlyCount "65"]
[EventDate "2022.10.03"]
[EventType "team-tourn"]
[EventCountry "AUT"]
[SourceTitle "playchess.com"]
[Source "ChessBase"]
[SourceQuality "1"]
[TimeControl "40/5400+30:1800+30"]

1. e4 e6 2. d4 d5 3. e5 c5 4. c3 Qb6 5. Nf3 Bd7 6. Be2 Bb5 {[%emt 0:01:40] 6...cxd4 is more advanced technology.} 7. dxc5 Bxc5 8. b4 {[%emt 0:01:07] C02: French: Advance Variation.} Bxe2 9. Qxe2 Be7 10. a4 {[%emt 0:06:20] White is slightly better.} a5 11. b5 (11. Be3 $14 Qc7 12. bxa5 (12. Qb5+ Nd7 $15)) 11... Nd7 $11 12. O-O {[%emt 0:01:27] [#]} Rc8 $146 {[%emt 0:03:32] Inhibits c4.} ({Predecessor:} 12... f6 13. Be3 Bc5 14. Bxc5 Nxc5 15. Nbd2 Ne7 16. c4 O-O 17. cxd5 exd5 18. Rfe1 Ng6 {0-1 (29) Krotiuk,D-Katyshkina,A (1799) Dagomys 2009}) 13. Bb2 Bc5 14. Nbd2 Ne7 15. c4 O-O 16. Rac1 Rfe8 17. Nb3 dxc4 18. Rxc4 Bb4 19. Rg4 (19. Nfd2 $11) 19... Nc5 (19... Qc7 $15) 20. Nbd2 Nxa4 21. Ne4 {[%emt 0:01:35] aiming for Nf6+.} Ng6 22. Bd4 Qc7 23. h4 h5 24. Rg3 {[%emt 0:01:57] Strongly threatening Nfg5.} Qc2 (24... Red8 $11) 25. Qe3 $1 $17 Nb2 $2 {[%emt 0:01:42] [#]} (25... Red8 $17 {...Rc4 is the strong threat.} 26. Nfg5 Qc4) 26. Nfg5 $1 $16 Nxh4 {[%emt 0:06:49][%mdl 8192] This costs Black the game.} (26... Nd3 $16) 27. Nf6+ gxf6 28. Ne4+ Ng6 $2 (28... Kf8 29. Qh6+ Ke7 30. Qxf6+ Kd7 31. Qxh4 Rf8) 29. exf6 $18 {[%emt 0:00:24][%cal Oe3h6] White threatens Qh6! and mate.} Bf8 {[%emt 0:01:23] [#] Against Qh6} 30. Rxg6+ $1 {[%emt 0:00:19][%mdl 512] White mates.} fxg6 31. f7+ $1 {[%emt 0:00:07][%mdl 64] Decoy} Kxf7 32. Ng5+ Kg8 33. Qe5 {[%emt 0:00:10] Weighted Error Value: White=0.13 (very precise) /Black=0.53} 1-0